 Dungeon Crawl Stone Soup version 0.26.1-11-gd32895ea62 (webtiles) character file.

Game seed: 11085101919912595532

101 Ijustatesigmund the Shield-Bearer (level 4, -1/46 HPs)
             Began as an Octopode Fighter on June 30, 2021.
             Slain by an orc (4 damage)
             ... on level 3 of the Dungeon.
             The game lasted 00:02:48 (2787 turns).

Ijustatesigmund the Shield-Bearer (OpFi)            Turns: 2787, Time: 00:02:49

Health: -1/46      AC:  1    Str: 12 (15) XL:     4   Next: 75%
Magic:  4/4        EV: 11    Int: 15 (16) God:
Gold:   98         SH:  8    Dex: 10 (12) Spells: 3/3 levels left

rFire    . . .     SeeInvis .   a - +1 war axe
rCold    . . .     Faith    .   b - +0 kite shield
rNeg     . . .     Spirit   .   (helmet restricted)
rPois    .         Reflect  .   (no amulet)
rElec    .         Harm     .   g - +6 ring of intelligence
rCorr    .         Rampage  .   j - ring of willpower
Will     +....                  (no ring)
Stlth    ..........             (no ring)
HPRegen  0.15/turn              (no ring)
MPRegen  0.09/turn              (no ring)
                                (no ring)
                                (no ring)

@: berserking, very quick
A: almost no armour, stealthy swim, amphibious, 8 rings, constrict 8, camouflage
1, gelatinous body 1
a: no special abilities


You were on level 3 of the Dungeon.
You visited 1 branch of the dungeon, and saw 3 of its levels.

You collected 98 gold pieces.

Inventory:

Hand Weapons
 a - a +1 war axe (weapon)
Armour
 b - a +0 kite shield (worn)
Jewellery
 g - a +6 ring of intelligence (left tentacle)
 j - a ring of willpower (right tentacle)
Scrolls
 e - a scroll of blinking
 i - a scroll of identify {unknown}
Potions
 c - a potion of might
 d - a potion of degeneration
 f - a potion of ambrosia {unknown}
 h - a potion of berserk rage


   Skills:
 + Level 3.5 Fighting
 * Level 3.4 Axes
 + Level 3.5 Dodging
 + Level 3.5 Shields


You had 3 spell levels left.
You didn't know any spells.
Your spell library contained the following spells:

 Spells                   Type           Power        Failure   Level
 Corona                   Hex            0%           75%         1
 Ensorcelled Hibernation  Hex/Ice        0%           87%         2
 Confusing Touch          Hex            0%           98%         3
 Dazzling Flash           Conj/Hex       0%           98%         3
 Tukima's Dance           Hex            0%           98%         3


Dungeon Overview and Level Annotations

Branches:
Dungeon (3/15)

Altars:
Fedhas
Kikubaaqudgha
Nemelex Xobeh
Okawaru


Innate Abilities, Weirdness & Mutations

You cannot wear most types of armour.
You are very stealthy in the water. (Stealth+)
You are amphibious.
You can wear up to eight rings at the same time.
You can use your tentacles to constrict eight enemies at once.
Your skin changes colour to match your surroundings (Stealth+).
Your rubbery body absorbs attacks. (AC +1, EV +1)


Message History

You completely miss the orc. You constrict the orc.
The orc wizard gestures at you while chanting.
The puff of flame hits you!
The orc priest calls down the wrath of Beogh upon you.
Beogh smites you!
* * * LOW HITPOINT WARNING * * *
The orc wizard hits you with a +0 dagger.
* * * LOW HITPOINT WARNING * * *
The orc barely misses you. The orc hits you with a +0 club.
* * * LOW HITPOINT WARNING * * *
It was a potion of degeneration.
There was something very wrong with that liquid.
You feel weakened.
You feel dopey.
You feel clumsy.
You constrict the orc. You block the orc's attack.
The orc wizard closely misses you.
It was a potion of berserk rage.
A red film seems to cover your vision as you go berserk!
You feel yourself moving faster!
You feel mighty!
You constrict the orc. You block the orc's attack. The orc hits you.
You die...

#... ########.#############
#.............#......#
#.######...##.#.####.# #.#
#....#.#....#.#
#.######..#........#.#
#####............o...###.##
...............ooo.>......#
#####.......#..o@###.######
######........#..# #.#
........###.###..# #.#
#####.......# #..# #.#
..........###
#..###.#######. .####.....#
#..#........... <# #.....#
#..#.#.######## ## #.....#
#..#.#.....# #.....#
#..#.#####.#


You could see an orc priest, an orc wizard and 3 orcs.

Vanquished Creatures
  2 adders
  An ooze (D:2)
  3 worms (D:2)
  4 dart slugs
  6 bats
  4 giant cockroaches
  7 hobgoblins
  8 jackals
  8 kobolds
  A quokka (D:2)
  2 frilled lizards
  3 goblins
  12 rats
61 creatures vanquished.

Vanquished Creatures (others)
  8 plants (D:2)
  3 withered plants (D:2)
11 creatures vanquished.

Grand Total: 72 creatures vanquished

Notes
Turn   | Place    | Note
-------+----------+-------------------------------------------
     0 | D:1      | Ijustatesigmund the Octopode Fighter began the quest for
                  | the Orb.
     0 | D:1      | Reached XP level 1. HP: 16/16 MP: 1/1
   146 | D:1      | Reached XP level 2. HP: 21/21 MP: 2/2
   438 | D:1      | Reached XP level 3. HP: 21/26 MP: 3/3
  1013 | D:2      | Found a sparkling altar of Nemelex Xobeh.
  1015 | D:2      | Found an iron altar of Okawaru.
  1102 | D:2      | Reached XP level 4. HP: 4/31 MP: 4/4
  1383 | D:2      | Found an ancient bone altar of Kikubaaqudgha.
  1383 | D:2      | Found a blossoming altar of Fedhas.
  2787 | D:3      | Slain by an orc

Illustrated notes

Levels and vault maps discovered:
D:1:      amcnicky_arrival_double_pillar, layout_basic
D:2:      layout_basic, grunt_temple_overflow_growth_and_decay,
          nemelex_xobeh_ov_fountains_minmay, okawaru_metal_pillars_3
D:3:      layout_basic, trog_book

Skill      XL: |  1  2  3 |
---------------+----------+-----
Axes           | 3 |  3.4
Fighting       | |  3.5
Dodging        | |  3.5
Shields        | |  3.5

Action                   |  1- 3 |  4- 6 || total
-------------------------+-------+-------++-------
Melee: War axe           |    55 |    59 ||   114
       Constrict         |    13 |    17 ||    30
       Tentacles         |     7 |    16 ||    23
  Use: Scroll            |     2 |     4 ||     6
       Potion            |       |     2 ||     2
 Stab: Sleeping          |     9 |     3 ||    12
Armor: Skin              |     4 |     5 ||     9
Dodge: Dodged            |    21 |    27 ||    48
Block: Kite shield       |    20 |    17 ||    37
